 Dungeon Crawl Stone Soup version 0.22.0-38-g04b72b8 (webtiles) character file.

118 nicolaieve the Cudgeler (level 4, -5/39 HPs)
             Began as a Minotaur Berserker on Aug 27, 2018.
             Was a Priest of Trog.
             Killed by divine providence
             ... invoked by an orc priest
              (13 damage)
             ... on level 3 of the Dungeon.
             The game lasted 00:05:53 (1526 turns).

nicolaieve the Cudgeler (Minotaur Berserker)        Turns: 1526, Time: 00:05:54

Health: -5/39      AC:  3    Str: 21    XL:     4   Next: 72%
Magic:  3/3        EV: 14    Int:  4    God:    Trog [***...]
Gold:   146        SH:  0    Dex: 11    Spells: 3/3 levels left

rFire    . . .     SeeInvis .   r - +0 whip
rCold    . . .     Gourm    .   (no shield)
rNeg     . . .     Faith    .   b - +0 animal skin
rPois    .         Spirit   .   (helmet restricted)
rElec    .         Reflect  .   i - +0 cloak
rCorr    .         Harm     .   (no gloves)
MR       .....                  (no boots)
Stlth    +.........             (no amulet)
HPRegen  0.13/turn              q - +2 ring of evasion
MPRegen  0.08/turn              (no ring)

@: no status effects
A: retaliatory headbutt, horns 2
a: Berserk, Trog's Hand, Renounce Religion


You were on level 3 of the Dungeon.
You worshipped Trog.
Trog was most pleased with you.
You were not hungry.

You visited 1 branch of the dungeon, and saw 3 of its levels.

You collected 146 gold pieces.

Inventory:

Hand Weapons
 r - a +0 whip (weapon)
Armour
 b - a +0 animal skin (worn)
 i - a +0 cloak (worn)
Jewellery
 q - a +2 ring of evasion (left hand)
Scrolls
 d - 4 scrolls of identify {unknown}
 g - a scroll of enchant armour {unknown}
 j - a scroll of enchant weapon {unknown}
Potions
 e - a potion of might {unknown}
 h - 2 potions of haste {unknown}
 k - 2 potions of flight {unknown}
 l - a potion of lignification {unknown}
 m - a potion of curing {unknown}
 n - 2 potions of degeneration {unknown}
 o - a potion of heal wounds {unknown}
 p - a potion of brilliance {unknown}
Comestibles
 c - 9 rations
 f - 4 chunks of flesh


   Skills:
 - Level 3.6 Fighting
 + Level 6.7 Maces & Flails
 - Level 2.4 Armour
 - Level 2.1 Dodging


You had 3 spell levels left.
You didn't know any spells.
Your spell library was empty.

Dungeon Overview and Level Annotations

Branches:
Dungeon (3/15)

Altars:


Innate Abilities, Weirdness & Mutations

You reflexively headbutt those who attack you in melee.
You have a pair of horns on your head.


Message History

You see here a club.
The orc priest looks satisfied for a moment.
The orc priest barely misses you.
Things that are here:
a mace of crushing; 17 stones; an orc corpse You hit the orc priest.
The orc priest is moderately wounded.
The orc priest hits you but does no damage.
You closely miss the orc priest. Your headbutt misses the orc priest.
The orc priest is moderately wounded.
You whack the orc priest! Your headbutt misses the orc priest.
The orc priest is severely wounded.
The orc priest calls down the wrath of Beogh upon you.
Beogh smites you!
* * * LOW HITPOINT WARNING * * *
You hit the orc priest but do no damage.
The orc priest is severely wounded.
The orc priest mumbles some strange prayers to Beogh against you.
Beogh smites you!
You die...

.. .. #. .. ## .#.#....
#. .........#. .
###.......##. .#
...#......#. #.#
#..#.#.#..#.####..#
#.......(....).@..# #
##......#.>#...#o#......
#..........#............
#..)#.####.##.#####.....
#...#...)..##.#...# ...#
#..(######......# ###
#...# #.##.#...# #...#
#.##.#...#
#...######.##.. ...#


You could see an orc priest.

Vanquished Creatures
  3 gnolls (D:3)
  2 adders (D:2)
  An ooze (D:1)
  A worm (D:2)
  2 dart slugs
  3 leopard geckos
  3 orcs (D:3)
  4 giant cockroaches
  6 hobgoblins
  5 jackals
  8 bats
  5 frilled lizards
  6 goblins
  3 kobolds
  7 rats
59 creatures vanquished.

Notes
Turn   | Place    | Note
-------+----------+-------------------------------------------
     0 | D:1      | nicolaieve the Minotaur Berserker began the quest for the Orb.
     0 | D:1      | Reached XP level 1. HP: 19/19 MP: 0/0
    34 | D:1      | Reached skill level 4 in Maces & Flails
    77 | D:1      | Reached XP level 2. HP: 17/26 MP: 1/1
   490 | D:1      | Reached skill level 5 in Maces & Flails
   578 | D:1      | Reached ** piety under Trog
   578 | D:1      | Reached XP level 3. HP: 31/31 MP: 2/2
   957 | D:2      | Reached XP level 4. HP: 30/39 MP: 3/3
   962 | D:2      | Reached skill level 6 in Maces & Flails
  1512 | D:3      | Reached *** piety under Trog
  1526 | D:3      | Killed from afar by an orc priest

Skill      XL: |  1  2  3  4 |
---------------+-------------+-----
Maces & Flails | 4 5 6 |  6.7
Fighting       | |  3.6
Armour         | |  2.4
Dodging        | |  2.1

Action                   |  1- 3 |  4- 6 || total
-------------------------+-------+-------++-------
Melee: Mace              |    78 |    23 ||   101
       Headbutt          |     7 |    10 ||    17
       Whip              |       |     6 ||     6
  Eat: Chunk             |       |     2 ||     2
Armor: Animal skin       |    16 |     8 ||    24
Dodge: Dodged            |    44 |    26 ||    70
